 Dungeon Crawl Stone Soup version 0.30-a0-218-gedb9141078 (webtiles) character file.

Game seed: 786714544710280686

543 billz999 the Covert (level 7, -2/61 HPs)
             Began as a Vampire Earth Elementalist on Oct 5, 2022.
             Was an Initiate of Kikubaaqudgha.
             Succumbed to a water moccasin's poison
             ... on level 5 of the Dungeon.
             The game lasted 00:10:04 (4246 turns).

billz999 the Covert (Vampire Earth Elementalist)    Turns: 4246, Time: 00:10:05

Health: -2/61      AC: 23    Str:  7    XL:     7   Next: 6%
Magic:  10/10      EV:  2    Int: 19    God:    Kikubaaqudgha [......]
Gold:   160        SH:  0    Dex: 15    Spells: 6/11 levels left

rFire   + . .      SeeInvis +    o - +0 falchion
rCold   + . .      Faith    .    (no shield)
rNeg    . . .      Spirit   .    (body armour currently unavailable)
rPois   +          Reflect  .    (helmet currently unavailable)
rElec   +          Harm     .    (cloak currently unavailable)
rCorr   +          Rampage  .    (gloves currently unavailable)
Will    .....      NoTele   +    (boots currently unavailable)
Stlth   ++++......               (no amulet)
HPRegen 0.50/turn                (no ring)
MPRegen 0.12/turn                (no ring)

@: lethally poisoned (-2 -> -11), tree-form, resistant, healing quickly,
invisible
A: stationary, stasis, torment immunity, boosted hp, alive, (fangs 3), see
invisible, vampiric 2, (fire resistance 1), frail 1, low MP 1, MP-powered wands
a: Exsanguinate, Renounce Religion


You were on level 5 of the Dungeon.
You worshipped Kikubaaqudgha.
Kikubaaqudgha was noncommittal.
You were a tree.
You visited 2 branches of the dungeon, and saw 6 of its levels.

You collected 160 gold pieces.

Inventory:

Hand Weapons
 c - a +0 short sword
 e - a +0 dagger
 o - a +0 falchion (weapon)
 u - a +2 dagger of holy wrath
 C - a +3 quarterstaff of chaos
Missiles
 w - 2 javelins
Armour
 a - a +0 robe (melded)
 p - a +0 helmet (melded)
 q - a +0 pair of boots (melded)
 D - a +0 cloak (melded)
Wands
 n - a wand of light (9)
 A - a wand of paralysis (9)
 B - a wand of digging (7)
Scrolls
 f - a scroll of enchant armour {unknown}
 h - a scroll of enchant weapon {unknown}
 k - 4 scrolls of teleportation {unknown}
 l - 2 scrolls of immolation
 m - a scroll of summoning {unknown}
 r - 3 scrolls of poison {unknown}
 s - 3 scrolls of identify {unknown}
 t - a scroll of blinking {unknown}
 y - a scroll of magic mapping {unknown}
 z - a scroll of fear {unknown}
Potions
 b - a potion of magic
 i - a potion of mutation
 v - a potion of haste {unknown}
 x - a potion of curing {unknown}


   Skills:
 - Level 2.1 Dodging
 - Level 8.0 Stealth
 + Level 2.8 Spellcasting
 * Level 5.2 Transmutations
 + Level 3.7 Earth Magic


You had 6 spell levels left.
You knew the following spells:

 Your Spells              Type           Power      Damage    Failure   Level
a - Sandblast             Erth           32%        2d9       3%          1
b - Petrify               Tmut/Erth      19%        N/A       24%         4

Your spell library contained the following spells:

 Spells                   Type           Power      Damage    Failure   Level
 Passwall                 Tmut/Erth      15%        N/A       3%          2
 Apportation              Tloc           4%         N/A       16%         1
 Necrotise                Necr           8%         1d4       16%         1
 Summon Small Mammal      Summ           8%         N/A       16%         1
 Stone Arrow              Conj/Erth      18%        3d8       22%         3


Dungeon Overview and Level Annotations

Branches:
Dungeon (5/15)             Temple (1/1) D:4

Altars:
Cheibriados
Gozag
Hepliaklqana
Kikubaaqudgha
Makhleb
Nemelex Xobeh
Okawaru
Sif Muna
Trog
Uskayaw
Vehumet
Wu Jian
Xom
Yredelemnul


Innate Abilities, Weirdness & Mutations

You are a tree.
Your roots penetrate the ground, keeping you stationary.
You cannot be teleported.
You are immune to unholy pain and torment.
Your maximum health is greatly increased.
Your equipment is partially melded.
Your natural rate of healing is accelerated.
((You have razor-sharp teeth.))
You have supernaturally acute eyesight. (SInv)
You are afflicted with vampirism and can become a bat while bloodless.
((Your flesh is heat resistant. (rF+)))
You are frail. (-10% HP)
Your magical capacity is low. (-10% MP)
You expend magic power (3 MP) to strengthen your wands.


Message History

Aiming: Bolt of Light
Press: ? - help, Shift-Dir - straight line, f/p - water moccasin
Aim: a water moccasin (moderately wounded, 53% to hit)
The bolt of light misses the water moccasin.
You feel very sick. The water moccasin barely misses you.
The water moccasin bites you!
You are more poisoned.
The water moccasin poisons you!
Aiming: Bolt of Light
Press: ? - help, Shift-Dir - straight line, f/p - water moccasin
Aim: a water moccasin (lightly wounded, 53% to hit)
The bolt of light misses the water moccasin.
You feel very sick. The water moccasin bites you.
You are lethally poisoned!
The water moccasin poisons you!
It was a potion of mutation.
You feel extremely strange.
You feel less energetic.
You feel frail.
You feel resistant to heat.
You feel your magical essence link to the dungeon's wands.
You feel very sick.
The water moccasin bites you but does no damage.
The water moccasin bites you.
* * * LOW HITPOINT WARNING * * *
It was a potion of resistance.
You feel protected.
* * * LOW HITPOINT WARNING * * *
You feel very sick. The water moccasin bites you.
* * * LOW HITPOINT WARNING * * *
It was a potion of lignification.
You turn into a tree.
Your +0 cloak melds into your body.
Your +0 helmet melds into your body.
Your +0 pair of boots melds into your body.
Your +0 robe melds into your body.
Your roots penetrate the ground.
* * * LOW HITPOINT WARNING * * *
You feel very sick.
The water moccasin bites you but does no damage.
It was a potion of invisibility.
You fade into invisibility!
You die...
Kikubaaqudgha rasps: "You have failed me!
Welcome... death!"

#...# #..######.......
#...#########'##...........#
#....'...#.....#...........'
#....#...'.....#...........#
#[ ..... .. #.. ##### #..
### #


You could see a water moccasin (unable to see you).

Vanquished Creatures
  A wyvern (D:5)
  An ogre (D:5)
  Blork the orc (D:4)
  Crazy Yiuf (D:4)
  2 iguanas
  Natasha (D:3)
  Robin (D:1)
  5 adders
  An ufetubus (D:5)
  2 worms
  3 orcs (D:3)
  2 endoplasms
  4 giant cockroaches
  18 goblins
  4 hobgoblins
  4 jackals
  4 quokkas (D:1)
  4 ball pythons
  3 bats
  4 frilled lizards
  8 kobolds
  4 rats
78 creatures vanquished.

Notes
Turn   | Place    | Note
-------+----------+-------------------------------------------
     0 | D:1      | billz999 the Vampire Earth Elementalist began the quest for
                  | the Orb.
     0 | D:1      | Reached XP level 1. HP: 13/13 MP: 3/3
   139 | D:1      | Reached skill level 4 in Stealth
   174 | D:1      | Reached XP level 2. HP: 6/19 MP: 0/5
   977 | D:2      | Reached skill level 5 in Stealth
  1016 | D:2      | Gained mutation: You are afflicted with vampirism and can
                  | become a bat while bloodless. [Vampire growth]
  1016 | D:2      | Reached XP level 3. HP: 15/24 MP: 3/6
  1123 | D:2      | Noticed Robin
  1298 | D:2      | Reached skill level 6 in Stealth
  1371 | D:1      | Killed Robin
  1372 | D:1      | Reached XP level 4. HP: 24/30 MP: 0/7
  1472 | D:1      | Reached skill level 7 in Stealth
  1686 | D:2      | Found a faded altar of an unknown god.
  2570 | D:3      | Noticed Natasha
  2577 | D:3      | Killed Natasha
  2578 | D:3      | Reached skill level 8 in Stealth
  2708 | D:3      | Learned a level 4 spell: Petrify
  2821 | D:4      | Found a staircase to the Ecumenical Temple.
  2836 | Temple   | Entered the Ecumenical Temple
  2877 | Temple   | Became a worshipper of Kikubaaqudgha
  2935 | D:4      | Noticed Blork the orc
  2948 | D:4      | Killed Blork the orc
  2949 | D:4      | Reached XP level 5. HP: 11/35 MP: 1/8
  3032 | D:4      | Found an ornate altar of the Wu Jian Council.
  3442 | D:4      | Found a runed translucent door.
  3443 | D:4      | Noticed Crazy Yiuf
  3535 | D:4      | Killed Crazy Yiuf
  3536 | D:4      | Reached XP level 6. HP: 11/41 MP: 4/9
  3779 | D:5      | Entered Level 5 of the Dungeon
  3997 | D:5      | Found a sparkling altar of Nemelex Xobeh.
  4139 | D:5      | Noticed a wyvern
  4142 | D:5      | Killed a wyvern
  4143 | D:5      | Reached skill level 5 in Transmutations
  4143 | D:5      | Reached XP level 7. HP: 28/46 MP: 8/11
  4243 | D:5      | Gained mutation: Your magical capacity is low. (-10% MP)
                  | [potion of mutation]
  4243 | D:5      | Gained mutation: You are frail. (-10% HP) [potion of
                  | mutation]
  4243 | D:5      | Gained mutation: Your flesh is heat resistant. (rF+)
                  | [potion of mutation]
  4243 | D:5      | Gained mutation: You expend magic power (3 MP) to
                  | strengthen your wands. [potion of mutation]
  4245 | D:5      | HP: 1/61 [poisoned by a water moccasin]
  4246 | D:5      | Succumbed to a water moccasin's poison

Illustrated notes

Levels and vault maps discovered:
D:1:      lightli_arrival_noodles, layout_basic, glass_columns_b
D:2:      layout_rooms, ebering_ecumenical_altar_hall, uniq_robin
D:3:      layout_loops_ring, uniq_natasha
D:4:      layout_loops_ring, general_overflow_altar,
          minmay_temple_entry_butterflies, uniq_blork_the_orc,
          uniq_crazy_yiuf_cottage
D:5:      layout_gridville, mainiacjoe_overflow_large_starburst
Temple:   eino_temple_lava

Skill      XL: |  1  2  3  4  5  6 |
---------------+-------------------+-----
Stealth        | 4 5 6 8 |  8.0
Transmutations | 3 4 5 |  5.2
Dodging        | |  2.1
Spellcasting   | |  2.8
Earth Magic    | |  3.7

Action                   |  1- 3 |  4- 6 |  7- 9 || total
-------------------------+-------+-------+-------++-------
Melee: Short sword       |     9 |       |       ||     9
       Dagger            |     5 |       |       ||     5
       Falchion          |       |    31 |       ||    31
       Bite              |       |     1 |       ||     1
 Cast: Sandblast         |    48 |    67 |     2 ||   117
Evoke: Wand              |       |     6 |     2 ||     8
  Use: Scroll            |       |     1 |       ||     1
       Potion            |       |       |     4 ||     4
 Stab: Sleeping          |     2 |     3 |       ||     5
       Invisible         |       |     1 |       ||     1
Armor: Robe              |    10 |    20 |     1 ||    31
       Skin              |       |       |     1 ||     1
Dodge: Dodged            |    30 |    37 |     1 ||    68

Table legend: (Time is in decaauts)
 A = Elapsed time spent in this place.
 B = Non-inter-level travel time spent in this place.
 C = Inter-level travel time spent in this place.
 D = Time resting spent in this place.
 E = Time spent auto-exploring this place.
 F = Levels seen in this place.
 G = Mean time per level.
                   A        B        C        D        E       F      G
               +--------+--------+--------+--------+--------+-----+--------+
         Total |   4317 |   4091 |    226 |    758 |   2695 |   6 |  719.5 |
       Dungeon |   4266 |   4048 |    218 |    758 |   2663 |   5 |  853.2 |
        Temple |     50 |     42 |      8 |      0 |     32 |   1 |   50.0 |
               +--------+--------+--------+--------+--------+-----+--------+

Top non-repeatable levels by time:
     D:1: 1389 daAuts
     D:4: 1051 daAuts
     D:2: 697 daAuts
     D:3: 668 daAuts
     D:5: 459 daAuts
  Temple: 50 daAuts
